 Dungeon Crawl Stone Soup version 0.29-a0-410-g9596d59a08 (webtiles) character file.

Game seed: 14700460948770142863

185 Bruhh the Magician (level 5, -4/35 HPs)
             Began as a Djinni Fire Elementalist on May 14, 2022.
             Engulfed by a cloud of flame (8 damage)
             ... on level 3 of the Dungeon.
             The game lasted 00:04:23 (3673 turns).

Bruhh the Magician (Djinni Fire Elementalist)       Turns: 3673, Time: 00:04:24

Health: -4/35      AC:  4    Str:  7    XL:     5   Next: 96%
Gold:   84         EV: 12    Int: 22    God:
                   SH:  0    Dex: 13

rFire   + + .      SeeInvis .   (no weapon)
rCold   x x .      Faith    .   (no shield)
rNeg    . . .      Spirit   .   l - +1 robe of Eternity {rC- Int+3 Archmagi}
rPois   ∞          Reflect  .   (no helmet)
rElec   .          Harm     .   (no cloak)
rCorr   .          Rampage  .   c - +0 pair of gloves
Will    .....      Archmagi +   (boots unavailable)
Stlth   ++........              (no amulet)
HPRegen 0.11/turn               (no ring)
MPRegen 0.00/turn               (no ring)

@: flying
A: sickness immunity, fire resistance 2, cold vulnerability 1, float, innate
caster, HP casting, extra vitality 1
a: no special abilities


You were on level 3 of the Dungeon.
You visited 1 branch of the dungeon, and saw 3 of its levels.

You collected 84 gold pieces.

Inventory:

Armour
 a - a +0 robe
 c - a +0 pair of gloves (worn)
 l - the +1 robe of Eternity (worn) {rC- Int+3 Archmagi}
   (You found it on level 2 of the Dungeon)

   Int:       It affects your intelligence (+3).
   rC:        It makes you vulnerable to cold.
   Archmagi:  It increases the power of your magical spells.
Scrolls
 d - 3 scrolls of identify {unknown}
 f - 2 scrolls of fog {unknown}
 h - 2 scrolls of amnesia {unknown}
 i - 4 scrolls of vulnerability {unknown}
 j - 2 scrolls of magic mapping {unknown}
 k - a scroll of summoning {unknown}
Potions
 b - 2 potions of heal wounds {unknown}
 e - a potion of magic {unknown}
 g - a potion of lignification {unknown}
 m - a potion of attraction {unknown}


   Skills:
 - Level 2.1 Dodging
 - Level 1.5 Stealth
 + Level 4.7 Spellcasting


You couldn't memorise any spells.
You knew the following spells:

 Your Spells              Type           Power      Damage    Failure   Level
a - Foxfire               Conj/Fire      100%       2x1d9     1%          1
b - Scorch                Fire           78%        2d9       2%          2
c - Conjure Flame         Conj/Fire      39%        6-21      4%          3
d - Inner Flame           Hex/Fire       39%        N/A       4%          3
e - Flame Wave            Conj/Fire      39%        2d9       14%         4
f - Freeze                Ice            100%       1d11      1%          1
g - Static Discharge      Conj/Air       39%        N/A       2%          2
Your spell library was empty.

Dungeon Overview and Level Annotations

Branches:
Dungeon (3/15)

Altars:
Makhleb

Shops:
D:3 [

Annotations:
D:3 1 transporter


Innate Abilities, Weirdness & Mutations

You are immune to sickness and miasma.
You are immune to poison.
Your flesh is very heat resistant. (rF++)
You are vulnerable to cold. (rC-)
You float through the air rather than walking.
You learn spells naturally, not from books.
Your magical power is your life essence.
You have superior vitality. (+4 MHP)


Message History

The ball python barely misses you.
Unknown command.
Casting: Inner Flame (dangerous; 6% risk of failure)
Confirm with . or Enter, or press ? or * to list all spells.
You feel a surge of power!
Flames lash the worm.
Flame seeps out of the worm.
The worm is heavily wounded.
The worm's fire resistance burns away.
The ball python bites you but does no damage.
The ball python grabs you. The ball python constricts you.
The worm is engulfed in blazing flames.
The worm explodes!
The fiery explosion engulfs bgiannan's ghost!!!
Bgiannan's ghost is almost destroyed.
Bgiannan's ghost is engulfed in blazing flames.
Bgiannan's ghost hits you but does no damage.
Unknown command.
Casting: Scorch (safe; 3% risk of failure)
Confirm with . or Enter, or press ? or * to list all spells.
You feel a surge of power!
Flames lash bgiannan's ghost.
You destroy bgiannan's ghost!
The ball python barely misses you. The ball python constricts you.
You have reached level 5!
The power to cast Static Discharge wells up from within.
Spell assigned to 'g'.
You escape the ball python's grasp.
Found a helmet.
Casting: Scorch (safe; 2% risk of failure)
Confirm with . or Enter, or press ? or * to list all spells.
You feel a surge of power!
Flames lash the kobold.
You kill the kobold!
The ball python bites you. The ball python barely misses you.
Unknown command.
Unknown command.
Casting: Scorch (safe; 2% risk of failure)
Confirm with . or Enter, or press ? or * to list all spells.
You feel a surge of power!
Flames lash the ball python.
The ball python explodes!
The fiery explosion engulfs you! You resist.
* * * LOW HITPOINT WARNING * * *
You are engulfed in blazing flames.
You resist.
You die...

##.8.<.∩.8
#.#######..[.##.####### #.#
#.............# #.#
.......©....... #.#
#...#########... #.#
#..##8.)$$.8##.. #.#
#..#.........#.= #.#
#..#.........#.. #.#
#..#....@§...#.. #.#
#..#...§§§...#.)
#.######..#...§§§.§.#..
#.........#.......§.#.....#
#.
########..#.....§§§©#(.....
.. #..##8.....8##.....# .#
#[..#########....#.# .#
#.......©........#.# .#
##.............#.#.###.##


There were no monsters in sight!

Vanquished Creatures
  The ghost of bgiannan the Skirmisher, an amateur MiBe of Trog (D:3)
  3 adders (D:2)
  2 worms
  2 dart slugs (D:1)
  3 endoplasms
  6 giant cockroaches
  3 goblins (D:2)
  5 hobgoblins
  6 jackals (D:1)
  3 quokkas (D:1)
  5 ball pythons
  3 bats
  4 frilled lizards
  5 kobolds
  9 rats
60 creatures vanquished.

Vanquished Creatures (others)
  112 foxfires (D:1)
112 creatures vanquished.

Grand Total: 172 creatures vanquished

Notes
Turn   | Place    | Note
-------+----------+-------------------------------------------
     0 | D:1      | Bruhh the Djinni Fire Elementalist began the quest for the
                  | Orb.
     0 | D:1      | Reached XP level 1. HP: 15/15 MP: 0/0
   604 | D:1      | Reached XP level 2. HP: 18/21 MP: 0/0
   692 | D:1      | Reached skill level 3 in Spellcasting
  1195 | D:1      | Reached XP level 3. HP: 22/25 MP: 0/0
  1195 | D:1      | Learned a level 1 spell: Freeze
  2296 | D:2      | Found a faded altar of an unknown god.
  2302 | D:2      | Found a burning altar of Makhleb.
  2391 | D:2      | Reached XP level 4. HP: 7/31 MP: 0/0
  2983 | D:2      | Reached skill level 4 in Spellcasting
  3175 | D:2      | Identified the +1 robe of Eternity {rC- Int+3 Archmagi}
  3469 | D:3      | Found Vioschik's Armour Shop.
  3489 | D:3      | Found a transporter.
  3489 | D:3      | Noticed bgiannan's ghost (amateur MiBe)
  3497 | D:3      | Found a transporter.
  3670 | D:3      | Killed bgiannan's ghost
  3671 | D:3      | Reached XP level 5. HP: 23/35 MP: 0/0
  3671 | D:3      | Learned a level 2 spell: Static Discharge
  3673 | D:3      | Engulfed by a cloud of flame

Illustrated notes

Levels and vault maps discovered:
D:1:      dpeg_arrival_pond, layout_loops_corners
D:2:      layout_rooms, basic_altar, basic_ecumenical_altar
D:3:      layout_loops_ring, minitemple, serial_shops, shop_statue,
          gammafunk_ghost_arena, uniq_grinder

Skill      XL: |  1  2  3  4 |
---------------+-------------+-----
Spellcasting   | 3 4 |  4.7
Dodging        | |  2.1
Stealth        | |  1.5

Action                   |  1- 3 |  4- 6 || total
-------------------------+-------+-------++-------
Melee: Unarmed           |    29 |     3 ||    32
 Cast: Foxfire           |    72 |       ||    72
       Scorch            |    12 |    28 ||    40
       Inner Flame       |       |     2 ||     2
  Use: Potion            |     1 |       ||     1
 Stab: Sleeping          |     1 |       ||     1
Armor: Robe              |    21 |     4 ||    25
Dodge: Dodged            |    52 |     7 ||    59

Table legend: (Time is in decaauts)
 A = Elapsed time spent in this place.
 B = Non-inter-level travel time spent in this place.
 C = Inter-level travel time spent in this place.
 D = Time resting spent in this place.
 E = Time spent auto-exploring this place.
 F = Levels seen in this place.
 G = Mean time per level.
                   A        B        C        D        E       F      G
               +--------+--------+--------+--------+--------+-----+--------+
         Total |   3672 |   3634 |     38 |    129 |   3128 |   3 | 1224.0 |
       Dungeon |   3672 |   3634 |     38 |    129 |   3128 |   3 | 1224.0 |
               +--------+--------+--------+--------+--------+-----+--------+

Top non-repeatable levels by time:
     D:1: 2295 daAuts
     D:2: 1108 daAuts
     D:3: 268 daAuts
